 Dungeon Crawl Stone Soup version 0.25-a0-577-ga4619f409e (webtiles) character file.

Game seed: 8843619257996460106, levelgen mode: deterministic

492 Flugslaktarn the Chopper (level 6, -1/56 HPs)
             Began as a Minotaur Fighter on Mar 3, 2020.
             Was a Follower of Makhleb.
             Slain by an ogre
             ... wielding a +0 giant club
              (14 damage)
             ... on level 5 of the Dungeon.
             The game lasted 00:01:16 (1892 turns).

Flugslaktarn the Chopper (Minotaur Fighter)         Turns: 1892, Time: 00:01:17

Health: -1/56      AC:  9    Str: 22    XL:     6   Next: 91%
Magic:  1/6        EV:  7    Int:  5    God:    Makhleb [*.....]
Gold:   142        SH: 10    Dex: 10    Spells: 5/5 levels left

rFire    . . .     SeeInvis .   a - +1 war axe
rCold    . . .     Gourm    .   c - +0 kite shield
rNeg     . . .     Faith    .   b - +0 scale mail
rPois    .         Spirit   .   (helmet restricted)
rElec    .         Reflect  .   l - +0 cloak
rCorr    .         Harm     .   (no gloves)
MR       .....                  g - +0 pair of boots
Stlth    +.........             (no amulet)
HPRegen  0.18/turn              p - ring of stealth
MPRegen  0.10/turn              (no ring)

@: no status effects
A: retaliatory headbutt, horns 2
a: Renounce Religion


You were on level 5 of the Dungeon.
You worshipped Makhleb.
Makhleb was aware of your devotion.
You were not hungry.

You visited 2 branches of the dungeon, and saw 6 of its levels.

You collected 142 gold pieces.

Inventory:

Hand Weapons
 a - a +1 war axe (weapon)
Armour
 b - a +0 scale mail (worn)
 c - a +0 kite shield (worn)
 g - a +0 pair of boots (worn)
   (You found it on level 1 of the Dungeon)
 l - a +0 cloak (worn)
   (You found it on level 4 of the Dungeon)
Jewellery
 p - a ring of stealth (left hand)
   (You found it on level 4 of the Dungeon)
Scrolls
 r - a scroll of identify
Potions
 d - a potion of might
 h - 2 potions of haste
 o - a potion of ambrosia
 q - a potion of curing
Comestibles
 e - 3 rations
 f - 5 chunks of flesh


   Skills:
 + Level 5.1 Fighting
 * Level 5.8 Axes
 + Level 5.1 Armour
 + Level 5.1 Shields
 + Level 1.9 Invocations


You had 5 spell levels left.
You didn't know any spells.
Your spell library was empty.

Dungeon Overview and Level Annotations

Branches:
Dungeon (5/15)             Temple (1/1) D:4

Altars:
Dithmenos
Elyvilon
Gozag
Makhleb
Nemelex Xobeh
Qazlal
Ru
Trog
Vehumet
Wu Jian
Xom
Zin

Annotations:
D:5 Grinder


Innate Abilities, Weirdness & Mutations

You reflexively headbutt those who attack you in melee.
You have a pair of horns on your head.


Message History

The orc hits you but does no damage. The eye of draining gazes at you.
You feel your power leaking away. Grinder barely misses you.
The orc closely misses you.
You hit Grinder. You headbutt Grinder, but do no damage.
Grinder is heavily wounded.
Your shield and scale mail prevent you from hitting the ogre.
You slash the orc!
You kill the orc!
Makhleb accepts your kill. Grinder gestures at you.
You suddenly lose the ability to move!
The ogre hits you with a +0 giant club! Grinder barely misses you.
The ogre hits you with a +0 giant club! Grinder hits you.
You writhe in agony.
* * * LOW HITPOINT WARNING * * *
You can move again.
Grinder blinks!
Grinder says, "I used to sell toenails on the black market."
The ogre hits you with a +0 giant club!
You die...

# #.......#..# #
#.##..#...##
######.##....###
.>.##..#.....#
##...........#
##.....##..### #####
##.........# #...#
...รท.......#####...#
.......#........@..#
..........######O5.#
.........## ##.....#
.......### #..#...###
......##. #.#G.....#
..#####
..8.#G.......# ....
......).......# ..###
_.............# ..#
..............#


You could see Grinder, 2 eyes of draining and an ogre.

Vanquished Creatures
  A phantom (D:4)
  An ogre (D:4)
  A hound (D:5)
  An orc wizard (D:4)
  5 worker ants
  A hound zombie (D:5)
  7 gnolls (D:5)
  2 adders (D:2)
  A shadow imp (D:5)
  3 worms
  2 leopard geckos (D:5)
  6 orcs
  2 goblins
  2 jackals
  A kobold (D:2)
  A bat (D:2)
  A rat (D:2)
38 creatures vanquished.

Notes
Turn   | Place    | Note
-------+----------+-------------------------------------------
     0 | D:1      | Flugslaktarn the Minotaur Fighter began the quest for the
                  | Orb.
     0 | D:1      | Reached XP level 1. HP: 19/19 MP: 0/0
    75 | D:2      | Reached XP level 2. HP: 19/27 MP: 1/1
   475 | D:4      | Found a staircase to the Ecumenical Temple.
   503 | D:4      | Noticed an ogre
   512 | D:4      | Killed an ogre
   512 | D:4      | Reached XP level 3. HP: 21/34 MP: 2/2
   512 | D:4      | Reached XP level 4. HP: 25/41 MP: 3/3
   523 | Temple   | Entered the Ecumenical Temple
   853 | Temple   | Became a worshipper of Makhleb the Destroyer
   912 | D:4      | Reached XP level 5. HP: 42/47 MP: 4/4
  1097 | D:4      | Noticed a phantom
  1127 | D:4      | Killed a phantom
  1127 | D:4      | Reached skill level 5 in Axes
  1127 | D:4      | Reached skill level 1 in Invocations
  1127 | D:4      | Reached XP level 6. HP: 43/55 MP: 5/5
  1415 | D:5      | Entered Level 5 of the Dungeon
  1455 | D:5      | Reached skill level 5 in Fighting
  1455 | D:5      | Reached skill level 5 in Shields
  1460 | D:5      | Reached skill level 5 in Armour
  1476 | D:4      | Reached * piety under Makhleb
  1831 | D:5      | Found a glowing silver altar of Zin.
  1832 | D:5      | Found a sacrificial altar of Ru.
  1877 | D:5      | Noticed Grinder
  1878 | D:5      | Found a bloodstained altar of Trog.
  1885 | D:5      | Paralysed by Grinder for 3 turns
  1892 | D:5      | Slain by an ogre

Levels and vault maps discovered:
D:1:      scummos_arrival_hexagon, layout_rooms, st_stairs_4, ashenzari_altar_1
D:2:      layout_loops_cross, lemuel_crystal_altar, minmay_misc_feat_pillars
D:3:      layout_loops_cross, chequers_temple_overflow_statue_of_worship,
          first_ration
D:4:      layout_rooms, temple_pool_b, hangedman_decor_growths,
          chequers_serial_rivers_marsh, due_unseen_surprise
D:5:      layout_rooms, minitemple, kiku_gazebo_garden_becter,
          trog_eyes_of_draining, st_stairs_14, kennysheep_generic_room_16,
          uniq_grinder
Temple:   jpeg_temple_island

Skill      XL: |  1  2  3  4  5  6 |
---------------+-------------------+-----
Axes           | 4 5 |  5.8
Fighting       | 4 5 |  5.1
Armour         | 4 5 |  5.1
Shields        | 4 5 |  5.1
Invocations    | 1 |  1.9

Action                   |  1- 3 |  4- 6 || total
-------------------------+-------+-------++-------
Melee: War axe           |    22 |    94 ||   116
       Headbutt          |     5 |    20 ||    25
  Use: Scroll            |       |     7 ||     7
  Eat: Chunk             |       |     3 ||     3
Armor: Scale mail        |     8 |    34 ||    42
Dodge: Dodged            |     8 |    32 ||    40
Block: Kite shield       |    10 |    74 ||    84

Table legend:
 A = Non-vault XP
 B = Vault XP
 C = Vault XP percentage of total XP
 D = Non-vault monster count
 E = Vault monster count
 F = Vault count percentage of total count
                 A         B        C        D         E       F
            +---------+---------+-------+---------+---------+-------
      Total |     698 |       5 |   0.7 |      36 |       2 |   5.3
            +---------+---------+-------+---------+---------+-------
        D:2 |      37 |       0 |   0.0 |       7 |       0 |   0.0
        D:4 |     402 |       0 |   0.0 |      12 |       0 |   0.0
        D:5 |     259 |       5 |   1.9 |      17 |       2 |  10.5
            +---------+---------+-------+---------+---------+-------
